 Dungeon Crawl Stone Soup version 0.19.1-1-g22dce08 (webtiles) character file.

203 ponk the Grave Robber (level 5, 0/36 HPs)
             Began as a Mummy Necromancer on Jan 8, 2017.
             Slain by Grinder (6 damage)
             ... while paralysed by Grinder
             ... on level 3 of the Dungeon.
             The game lasted 00:17:32 (3295 turns).

ponk the Grave Robber (Mummy Necromancer)           Turns: 3295, Time: 00:17:33

Health: 0/36       AC:  4    Str: 11    XL:     5   Next: 51%
Magic:  9/9        EV:  2    Int: 15    God:
Gold:   124        SH:  0    Dex: 13    Spells: 2 memorised, 8 levels left

rFire  x . .     SeeInvis .     h - +2 spear (vamp)
rCold  + . .     Gourm    .     a - +0 robe
rNeg   + + +     Faith    .     (no shield)
rPois  ∞         Spirit   .     (no helmet)
rElec  .         Reflect  .     (no cloak)
rCorr  .         Harm     .     (no gloves)
MR     .....                    f - +1 pair of boots
Stlth  ++........               (no amulet)
                                (no ring)
                                (no ring)

@: paralysed
A: no food or potions, fire vulnerability, cold resistance 1, negative energy
resistance 3, torment resistance, unbreathing
a: no special abilities


You were on level 3 of the Dungeon.
You were not hungry.

You visited 1 branch of the dungeon, and saw 3 of its levels.

You collected 124 gold pieces.

Inventory:

Hand Weapons
 c - a +0 short sword
 h - a +2 vampiric spear (weapon)
 i - a +0 hunting sling
 k - a +0 hunting sling
 l - a +0 whip of flaming
Missiles
 g - 4 silver tomahawks (quivered)
 j - 140 stones
 m - 12 sling bullets
Armour
 a - a +0 robe (worn)
 f - a +1 pair of boots (worn)
Jewellery
 d - an uncursed ring of ice
Scrolls
 e - 4 scrolls of identify
Books
 b - a book of Necromancy

   Spells                             Type                      Level
   a - Pain                           Necromancy                   1
   b - Animate Skeleton               Necromancy                   1
   c - Vampiric Draining              Necromancy                   3
   d - Regeneration                   Charms/Necromancy            3
   e - Animate Dead                   Necromancy                   4
   f - Control Undead                 Necromancy                   4


   Skills:
 + Level 0.8 Fighting
 + Level 0.7 Short Blades
 + Level 1.0 Polearms
 + Level 0.2 Throwing
 + Level 1.9 Dodging
 + Level 1.9 Stealth
 + Level 3.2 Spellcasting
 + Level 5.3 Necromancy


You had 8 spell levels left.
You knew the following spells:

 Your Spells              Type           Power        Failure   Level  Hunger
a - Pain                  Necr           ###.         1%          1    N/A
b - Animate Skeleton      Necr           N/A          1%          1    N/A

Dungeon Overview and Level Annotations

Branches:
Dungeon (3/15)

Altars:
Cheibriados
Qazlal

Annotations:
D:3 Grinder


Innate Abilities, Weirdness & Mutations

You do not eat or drink.
Your flesh is vulnerable to fire.
You are immune to poison.
Your flesh is cold resistant. (rC+)
You are immune to negative energy. (rN+++)
You are immune to unholy pain and torment.
You can survive without breathing.


Message History

Grinder says, "DUCK!"
Items here: % )) [ a falchion; a dagger; a leather armour; 2 chunks of flesh Grinder says, "Just stop there for a second..."
You see here 2 tomahawks.
Grinder blinks!
You see here a tomahawk.
Grinder gestures at you. You resist with some effort.
Grinder blinks!
Grinder gestures at you.
You struggle to resist.
You see here 16 poisoned needles.
Grinder gestures at you.
You suddenly lose the ability to move!
Grinder barely misses you. Grinder hits you.
* * * LOW HITPOINT WARNING * * *
Grinder hits you.
You die...

.............#.#.###
......######.......#######
......# #.#.#.#..##...##
).....# #..............##
......# ###.#.#.........#
#.##### #....<.........#
#.# ####.#.#.........# ..#
#...............## .##
.##.#@#..##...## ##
#...5.######## # ###.#.##
#....(.# . #.#.#.### ..
##.......# ... ##..#.#.#.#
.... ........(.# ..###
#........########


You could see Grinder.

Vanquished Creatures
  2 orc priests (D:3)
  Ijyb (D:2)
  2 adders
  2 oozes (D:2)
  5 worms (D:2)
  A dart slug (D:1)
  3 leopard geckos
  4 orcs (D:3)
  8 bats
  13 goblins
  3 hobgoblins
  6 jackals
  A quokka (D:2)
  5 frilled lizards
  3 kobolds
  6 rats
65 creatures vanquished.

Vanquished Creatures (collateral kills)
  An ooze (D:1)
  A leopard gecko (D:1)
  A goblin (D:2)
  A frilled lizard (D:1)
4 creatures vanquished.

Grand Total: 69 creatures vanquished

Notes
Turn   | Place    | Note
-------+----------+-------------------------------------------
     0 | D:1      | ponk the Mummy Necromancer began the quest for the Orb.
     0 | D:1      | Reached XP level 1. HP: 13/13 MP: 3/3
     3 | D:1      | Learned a level 1 spell: Animate Skeleton
   567 | D:1      | Reached XP level 2. HP: 17/19 MP: 1/5
  1323 | D:2      | Reached XP level 3. HP: 24/24 MP: 4/6
  1455 | D:2      | Found a snail-covered altar of Cheibriados.
  1509 | D:2      | Found a stormy altar of Qazlal.
  2111 | D:2      | Reached XP level 4. HP: 30/30 MP: 4/7
  2255 | D:2      | Noticed Ijyb
  2272 | D:2      | Killed Ijyb
  2272 | D:2      | Reached skill level 5 in Necromancy
  3018 | D:3      | Reached XP level 5. HP: 27/36 MP: 1/9
  3192 | D:3      | Noticed Grinder
  3206 | D:3      | Reached skill level 1 in Polearms
  3290 | D:3      | Paralysed by Grinder for 6 turns
  3295 | D:3      | Slain by Grinder

Skill      XL: |  1  2  3  4  5 |
---------------+----------------+-----
Necromancy     | 5 |  5.3
Spellcasting   | 3 |  3.2
Polearms       | 1 |  1.0
Fighting       | |  0.8
Short Blades   | |  0.7
Throwing       | |  0.2
Dodging        | |  1.9
Stealth        | |  1.9

Action                   |  1- 3 |  4- 6 || total
-------------------------+-------+-------++-------
Melee: Unarmed           |     2 |       ||     2
       Short sword       |    33 |       ||    33
       Spear             |    13 |    88 ||   101
Throw: Tomahawk          |       |     5 ||     5
       Stone             |       |     1 ||     1
 Cast: Pain              |    62 |    26 ||    88
       Animate Skeleton  |     5 |     3 ||     8
  Use: Scroll            |     6 |     1 ||     7
 Stab: Sleeping          |     1 |       ||     1
Armor: Robe              |     6 |    23 ||    29
Dodge: Dodged            |    29 |    64 ||    93
